3046 views
Uploaded 2019-12-04 18:33:54
Game version 1.32.0.3 / 1.32.0.3.1
26:49 long 4on4 ladder game on (8)MarketSquare
Saved by BEARAND
3046 views
Uploaded 2019-12-04 18:33:54
Game version 1.32.0.3 / 1.32.0.3.1
26:49 long 4on4 ladder game on (8)MarketSquare


78 units @ 6.2k
/ 0.1k
324 buildings @ 14.1k
/ 7.6k



| Staff of Sanctuary | 3 | 750 |
| Orb of Fire | 2 | 650 |
| Staff of Teleportation | 3 | 450 |
| Boots of Speed | 3 | 750 |
| total: | 11 | 2600g |
| Peasant | 12 | 900 | / | 0 |
| Priest | 1 | 135 | / | 10 |
| total: | 13 | 1035g | / | 10w |
| Scout Tower | 66 | 1980 | / | 1320 |
| Guard Tower | 20 | 1400 | / | 1000 |
| Arcane Tower | 4 | 280 | / | 200 |
| Altar of Kings | 1 | 180 | / | 50 |
| Lumber Mill | 1 | 120 | / | 0 |
| Farm | 4 | 320 | / | 80 |
| Arcane Vault | 2 | 260 | / | 60 |
| Arcane Sanctum | 1 | 150 | / | 140 |
| Keep | 1 | 320 | / | 210 |
| Castle | 1 | 360 | / | 210 |
| total: | 75 | 3010g | / | 1650w |
| 0:01 | Peasant |
| 0:06 | Altar of Kings |
| 0:08 | Peasant |
| 0:18 | Lumber Mill |
| 0:20 | Peasant |
| 0:32 | Farm |
| 0:37 | Peasant |
| 0:49 | Peasant |
| 1:02 | Peasant |
| 1:20 | Scout Tower |
| 1:22 | Peasant |
| 1:25 | Farm |
| 1:34 | Peasant |
| 1:53 | Scout Tower |
| 1:54 | Guard Tower |
| 1:57 | Peasant |
| 2:06 | Peasant |
| 2:12 | Summon Water Elemental |
| 2:24 | Scout Tower |
| 2:26 | Scout Tower |
| 2:29 | Scout Tower |
| 2:30 | Scout Tower |
| 2:33 | Scout Tower |
| 2:34 | Scout Tower |
| 3:30 | Peasant |
| 3:30 | Peasant |
| 3:33 | Arcane Tower |
| 3:34 | Guard Tower |
| 3:51 | Keep |
| 4:07 | Brilliance Aura |
| 4:18 | Improved Masonry |
| 4:21 | Scout Tower |
| 4:25 | Scout Tower |
| 4:27 | Scout Tower |
| 4:27 | Scout Tower |
| 4:30 | Arcane Vault |
| 5:55 | Arcane Tower |
| 5:55 | Arcane Tower |
| 5:56 | Guard Tower |
| 5:58 | Arcane Vault |
| 6:03 | Farm |
| 6:19 | Staff of Teleportation |
| 6:19 | Boots of Speed |
| 7:29 | Summon Water Elemental |
| 7:41 | Castle |
| 8:41 | Storm Bolt |
| 8:47 | Advanced Masonry |
| 8:48 | Improved Lumber Harvesting |
| 8:50 | Scout Tower |
| 8:51 | Scout Tower |
| 8:52 | Guard Tower |
| 8:55 | Staff of Teleportation |
| 8:56 | Boots of Speed |
| 9:08 | Arcane Sanctum |
| 9:11 | Farm |
| 9:28 | Guard Tower |
| 9:48 | Scout Tower |
| 9:49 | Scout Tower |
| 9:50 | Scout Tower |
| 9:50 | Scout Tower |
| 10:08 | Guard Tower |
| 10:36 | Magic Sentry |
| 10:50 | Staff of Sanctuary |
| 10:53 | Staff of Sanctuary |
| 10:59 | Orb of Fire |
| 11:32 | Holy Light |
| 11:36 | Guard Tower |
| 11:53 | Guard Tower |
| 12:09 | Imbued Masonry |
| 12:38 | Scout Tower |
| 14:00 | Boots of Speed |
| 14:23 | Guard Tower |
| 14:38 | Staff of Teleportation |
| 15:16 | Bash |
| 16:12 | Brilliance Aura |
| 16:31 | Priest |
| 17:05 | Staff of Sanctuary |
| 17:12 | Orb of Fire |
| 17:23 | Scout Tower |
| 17:23 | Scout Tower |
| 17:24 | Scout Tower |
| 18:26 | Divine Shield |
| 18:37 | Guard Tower |
| 18:39 | Scout Tower |
| 18:40 | Scout Tower |
| 18:41 | Scout Tower |
| 20:08 | Advanced Lumber Harvesting |
| 20:11 | Storm Bolt |
| 21:44 | Holy Light |
| 22:27 | Guard Tower |
| 22:28 | Guard Tower |
| 22:52 | Scout Tower |
| 22:52 | Scout Tower |
| 23:52 | Scout Tower |
| 23:53 | Scout Tower |
| 23:54 | Scout Tower |
| 23:54 | Scout Tower |
| 23:56 | Scout Tower |
| 24:38 | Guard Tower |
| 24:40 | Scout Tower |
| 24:41 | Scout Tower |
| 24:41 | Scout Tower |
| 24:54 | Scout Tower |
| 24:55 | Scout Tower |
| 24:55 | Scout Tower |
| 24:56 | Scout Tower |
| 24:57 | Scout Tower |
| 25:10 | Scout Tower |
| 25:11 | Scout Tower |
| 25:11 | Scout Tower |
| 25:12 | Scout Tower |
| 25:21 | Guard Tower |
| 25:23 | Scout Tower |
| 25:23 | Scout Tower |
| 25:24 | Scout Tower |
| 25:27 | Guard Tower |
| 25:28 | Scout Tower |
| 25:29 | Scout Tower |
| 25:29 | Scout Tower |
| 25:30 | Scout Tower |
| 25:32 | Scout Tower |
| 25:33 | Scout Tower |
| 25:48 | Guard Tower |
| 25:51 | Scout Tower |
| 25:52 | Scout Tower |
| 25:54 | Scout Tower |
| 25:57 | Scout Tower |
| 25:57 | Scout Tower |
| 25:59 | Scout Tower |
| 26:00 | Scout Tower |
| 26:01 | Scout Tower |
| 26:05 | Guard Tower |
| 26:12 | Guard Tower |
| 26:18 | Scout Tower |
| 26:19 | Scout Tower |
| 26:37 | Scout Tower |
| 26:37 | Scout Tower |
| 26:38 | Scout Tower |
| 26:49 | Guard Tower |
| Right click | 1529 |
| Select | 730 |
| Select group | 353 |
| Assign group | 245 |
| Build/train/purchase | 148 |
| Chat | 85 |
| Use ability | 59 |
| Misc. action | 4 |
| Minimap ping | 2 |
| Remove unit | 1 |
| Esc | 1 |



x1)
| Scroll of Regeneration | 1 | 100 |
| Staff of Sanctuary | 2 | 500 |
| Orb of Fire | 2 | 650 |
| Boots of Speed | 3 | 750 |
| Staff of Teleportation | 3 | 450 |
| Circlet of Nobility | 1 | 175 |
| Tome of Retraining | 1 | 300 |
| total: | 13 | 2925g |
| Peasant | 15 | 1125 | / | 0 |
| Priest | 2 | 270 | / | 20 |
| total: | 17 | 1395g | / | 20w |
| Scout Tower | 91 | 2730 | / | 1820 |
| Arcane Tower | 2 | 140 | / | 100 |
| Guard Tower | 33 | 2310 | / | 1650 |
| Altar of Kings | 1 | 180 | / | 50 |
| Farm | 6 | 480 | / | 120 |
| Lumber Mill | 1 | 120 | / | 0 |
| Arcane Vault | 1 | 130 | / | 30 |
| Arcane Sanctum | 1 | 150 | / | 140 |
| Keep | 1 | 320 | / | 210 |
| Castle | 1 | 360 | / | 210 |
| total: | 101 | 3790g | / | 2160w |
| 0:01 | Peasant |
| 0:05 | Altar of Kings |
| 0:10 | Peasant |
| 0:17 | Farm |
| 0:21 | Lumber Mill |
| 0:22 | Peasant |
| 0:37 | Farm |
| 0:38 | Peasant |
| 0:59 | Peasant |
| 1:10 | Peasant |
| 1:16 | Scout Tower |
| 1:18 | Peasant |
| 1:26 | Scout Tower |
| 1:27 | Peasant |
| 1:32 | Arcane Vault |
| 1:41 | Peasant |
| 1:49 | Peasant |
| 1:54 | Arcane Tower |
| 2:01 | Arcane Tower |
| 2:04 | Summon Water Elemental |
| 2:13 | Improved Masonry |
| 2:20 | Peasant |
| 2:23 | Scout Tower |
| 2:41 | Peasant |
| 2:50 | Peasant |
| 2:53 | Scout Tower |
| 3:09 | Peasant |
| 3:13 | Peasant |
| 3:16 | Guard Tower |
| 3:44 | Keep |
| 3:45 | Scout Tower |
| 3:45 | Guard Tower |
| 4:06 | Brilliance Aura |
| 4:14 | Guard Tower |
| 4:15 | Scout Tower |
| 4:16 | Scout Tower |
| 4:20 | Farm |
| 4:50 | Guard Tower |
| 4:51 | Scout Tower |
| 5:36 | Scout Tower |
| 5:37 | Guard Tower |
| 6:06 | Scout Tower |
| 6:07 | Scout Tower |
| 6:08 | Boots of Speed |
| 6:09 | Staff of Teleportation |
| 6:17 | Castle |
| 6:18 | Advanced Masonry |
| 6:18 | Improved Lumber Harvesting |
| 7:01 | Storm Bolt |
| 7:11 | Guard Tower |
| 7:13 | Scout Tower |
| 7:23 | Arcane Sanctum |
| 7:51 | Scout Tower |
| 7:52 | Guard Tower |
| 7:55 | Farm |
| 7:57 | Farm |
| 7:59 | Boots of Speed |
| 8:25 | Scout Tower |
| 9:08 | Priest Adept Training |
| 9:09 | Priest |
| 9:16 | Guard Tower |
| 9:26 | Scroll of Regeneration |
| 9:44 | Imbued Masonry |
| 10:10 | Holy Light |
| 10:11 | Staff of Sanctuary |
| 10:27 | Bash |
| 10:45 | Boots of Speed |
| 10:54 | Scout Tower |
| 10:55 | Scout Tower |
| 11:05 | Staff of Teleportation |
| 11:19 | Magic Sentry |
| 11:40 | Orb of Fire |
| 11:49 | Guard Tower |
| 11:49 | Scout Tower |
| 12:03 | Staff of Teleportation |
| 12:21 | Guard Tower |
| 12:22 | Scout Tower |
| 12:24 | Scout Tower |
| 12:25 | Farm |
| 12:58 | Scout Tower |
| 12:59 | Guard Tower |
| 13:18 | Summon Water Elemental |
| 13:23 | Guard Tower |
| 14:21 | Circlet of Nobility |
| 14:33 | Guard Tower |
| 14:34 | Scout Tower |
| 14:35 | Scout Tower |
| 14:38 | Divine Shield |
| 14:52 | Scout Tower |
| 14:53 | Scout Tower |
| 15:04 | Staff of Sanctuary |
| 15:09 | Orb of Fire |
| 15:20 | Guard Tower |
| 15:22 | Advanced Lumber Harvesting |
| 15:25 | Guard Tower |
| 15:26 | Scout Tower |
| 15:37 | Tome of Retraining |
| 15:37 | Retrain Hero |
| 15:38 | Blizzard |
| 15:38 | Brilliance Aura |
| 15:48 | Guard Tower |
| 15:49 | Scout Tower |
| 16:34 | Storm Bolt |
| 17:20 | Guard Tower |
| 17:22 | Scout Tower |
| 17:23 | Scout Tower |
| 18:03 | Priest Master Training |
| 18:03 | Priest |
| 18:38 | Guard Tower |
| 18:40 | Scout Tower |
| 18:41 | Scout Tower |
| 19:29 | Holy Light |
| 19:58 | Brilliance Aura |
| 20:15 | Guard Tower |
| 21:07 | Scout Tower |
| 21:08 | Scout Tower |
| 21:10 | Scout Tower |
| 21:14 | Scout Tower |
| 21:17 | Scout Tower |
| 21:18 | Scout Tower |
| 21:18 | Scout Tower |
| 21:19 | Scout Tower |
| 21:45 | Guard Tower |
| 21:48 | Scout Tower |
| 21:49 | Scout Tower |
| 21:50 | Scout Tower |
| 21:52 | Scout Tower |
| 22:02 | Scout Tower |
| 22:03 | Scout Tower |
| 22:04 | Scout Tower |
| 22:05 | Scout Tower |
| 22:20 | Guard Tower |
| 22:21 | Guard Tower |
| 22:24 | Guard Tower |
| 22:51 | Scout Tower |
| 22:53 | Scout Tower |
| 22:53 | Scout Tower |
| 22:54 | Scout Tower |
| 22:55 | Scout Tower |
| 22:56 | Scout Tower |
| 23:12 | Guard Tower |
| 23:25 | Guard Tower |
| 23:48 | Scout Tower |
| 23:48 | Scout Tower |
| 23:49 | Scout Tower |
| 23:49 | Scout Tower |
| 23:55 | Guard Tower |
| 23:57 | Scout Tower |
| 23:57 | Scout Tower |
| 23:59 | Scout Tower |
| 23:59 | Scout Tower |
| 24:10 | Scout Tower |
| 24:10 | Scout Tower |
| 24:27 | Guard Tower |
| 24:30 | Scout Tower |
| 24:31 | Scout Tower |
| 24:31 | Scout Tower |
| 24:37 | Scout Tower |
| 24:38 | Scout Tower |
| 24:38 | Scout Tower |
| 24:39 | Scout Tower |
| 24:45 | Scout Tower |
| 24:47 | Scout Tower |
| 24:49 | Guard Tower |
| 25:00 | Guard Tower |
| 25:01 | Scout Tower |
| 25:02 | Scout Tower |
| 25:02 | Scout Tower |
| 25:03 | Scout Tower |
| 25:03 | Scout Tower |
| 25:04 | Scout Tower |
| 25:34 | Guard Tower |
| 25:45 | Scout Tower |
| 25:46 | Scout Tower |
| 25:47 | Scout Tower |
| 25:54 | Guard Tower |
| 25:56 | Scout Tower |
| 25:57 | Scout Tower |
| 25:58 | Scout Tower |
| 25:59 | Scout Tower |
| 25:59 | Scout Tower |
| 26:29 | Guard Tower |
| 26:33 | Guard Tower |
| 26:40 | Scout Tower |
| 26:42 | Scout Tower |
| 26:43 | Scout Tower |
| 26:43 | Scout Tower |
| 26:45 | Scout Tower |
| 26:46 | Scout Tower |
| Right click | 1325 |
| Select group | 842 |
| Assign group | 509 |
| Chat | 442 |
| Select | 426 |
| Build/train/purchase | 138 |
| Use ability | 91 |
| Misc. action | 61 |
| Item give/drop | 6 |
| Remove unit | 2 |
| Minimap ping | 2 |
BEARAND
(26:54) : 


x2)
| Orb of Fire | 1 | 325 |
| Staff of Sanctuary | 4 | 1000 |
| Boots of Speed | 3 | 750 |
| Staff of Teleportation | 3 | 450 |
| Tome of Retraining | 2 | 600 |
| total: | 13 | 3125g |
| Peasant | 21 | 1575 | / | 0 |
| Priest | 2 | 270 | / | 20 |
| total: | 23 | 1845g | / | 20w |
| Scout Tower | 46 | 1380 | / | 920 |
| Arcane Tower | 3 | 210 | / | 150 |
| Guard Tower | 18 | 1260 | / | 900 |
| Altar of Kings | 1 | 180 | / | 50 |
| Farm | 6 | 480 | / | 120 |
| Lumber Mill | 1 | 120 | / | 0 |
| Arcane Vault | 3 | 390 | / | 90 |
| Town Hall | 1 | 385 | / | 205 |
| Arcane Sanctum | 1 | 150 | / | 140 |
| Keep | 1 | 320 | / | 210 |
| Castle | 1 | 360 | / | 210 |
| total: | 59 | 3085g | / | 1525w |
| 0:03 | Peasant |
| 0:03 | Peasant |
| 0:09 | Altar of Kings |
| 0:22 | Farm |
| 0:31 | Peasant |
| 0:35 | Lumber Mill |
| 0:40 | Peasant |
| 0:46 | Peasant |
| 0:58 | Farm |
| 1:00 | Peasant |
| 1:15 | Scout Tower |
| 1:19 | Scout Tower |
| 1:22 | Peasant |
| 1:38 | Peasant |
| 1:44 | Arcane Tower |
| 1:47 | Peasant |
| 1:50 | Scout Tower |
| 2:06 | Guard Tower |
| 2:07 | Scout Tower |
| 2:09 | Summon Water Elemental |
| 2:24 | Peasant |
| 2:25 | Peasant |
| 2:27 | Guard Tower |
| 2:28 | Scout Tower |
| 2:43 | Guard Tower |
| 2:44 | Scout Tower |
| 2:54 | Peasant |
| 3:11 | Guard Tower |
| 3:12 | Peasant |
| 3:12 | Peasant |
| 3:24 | Scout Tower |
| 3:26 | Scout Tower |
| 3:44 | Improved Masonry |
| 3:45 | Keep |
| 4:08 | Brilliance Aura |
| 4:18 | Farm |
| 4:19 | Farm |
| 4:27 | Guard Tower |
| 4:29 | Scout Tower |
| 4:31 | Scout Tower |
| 4:31 | Scout Tower |
| 4:32 | Scout Tower |
| 4:32 | Scout Tower |
| 4:34 | Scout Tower |
| 4:34 | Scout Tower |
| 4:35 | Scout Tower |
| 4:36 | Scout Tower |
| 4:51 | Advanced Masonry |
| 5:24 | Guard Tower |
| 5:28 | Guard Tower |
| 5:37 | Boots of Speed |
| 5:37 | Staff of Teleportation |
| 6:06 | Guard Tower |
| 7:35 | Castle |
| 8:31 | Storm Bolt |
| 8:49 | Arcane Sanctum |
| 9:03 | Guard Tower |
| 9:14 | Scout Tower |
| 9:14 | Scout Tower |
| 9:14 | Scout Tower |
| 9:25 | Imbued Masonry |
| 9:28 | Scout Tower |
| 9:28 | Scout Tower |
| 9:28 | Scout Tower |
| 9:30 | Scout Tower |
| 9:30 | Scout Tower |
| 9:34 | Arcane Vault |
| 9:35 | Arcane Vault |
| 10:01 | Boots of Speed |
| 10:01 | Staff of Teleportation |
| 10:10 | Guard Tower |
| 10:13 | Scout Tower |
| 10:14 | Scout Tower |
| 10:15 | Scout Tower |
| 10:16 | Scout Tower |
| 10:18 | Scout Tower |
| 10:44 | Summon Water Elemental |
| 10:54 | Guard Tower |
| 10:54 | Arcane Tower |
| 11:26 | Guard Tower |
| 11:32 | Arcane Vault |
| 11:34 | Holy Light |
| 12:01 | Guard Tower |
| 12:02 | Magic Sentry |
| 12:03 | Priest |
| 12:24 | Boots of Speed |
| 12:50 | Tome of Retraining |
| 12:50 | Retrain Hero |
| 13:10 | Staff of Teleportation |
| 13:28 | Blizzard |
| 13:28 | Brilliance Aura |
| 13:56 | Improved Lumber Harvesting |
| 14:10 | Tome of Retraining |
| 14:10 | Retrain Hero |
| 14:14 | Blizzard |
| 14:14 | Brilliance Aura |
| 14:15 | Blizzard |
| 14:53 | Orb of Fire |
| 14:55 | Staff of Sanctuary |
| 15:06 | Staff of Sanctuary |
| 15:06 | Staff of Sanctuary |
| 15:06 | Staff of Sanctuary |
| 15:32 | Bash |
| 15:48 | Scout Tower |
| 15:49 | Scout Tower |
| 15:49 | Scout Tower |
| 15:50 | Scout Tower |
| 15:51 | Scout Tower |
| 15:51 | Scout Tower |
| 15:52 | Sorceress Adept Training |
| 15:54 | Farm |
| 15:55 | Farm |
| 16:30 | Guard Tower |
| 16:34 | Scout Tower |
| 16:35 | Scout Tower |
| 16:35 | Scout Tower |
| 16:36 | Scout Tower |
| 17:24 | Guard Tower |
| 17:29 | Peasant |
| 17:30 | Peasant |
| 17:30 | Peasant |
| 17:30 | Peasant |
| 17:30 | Peasant |
| 17:54 | Scout Tower |
| 17:55 | Scout Tower |
| 17:55 | Scout Tower |
| 17:55 | Scout Tower |
| 18:02 | Guard Tower |
| 18:09 | Scout Tower |
| 18:34 | Guard Tower |
| 18:50 | Scout Tower |
| 19:06 | Town Hall |
| 19:10 | Divine Shield |
| 19:21 | Guard Tower |
| 19:33 | Brilliance Aura |
| 19:45 | Priest |
| 20:49 | Storm Bolt |
| 22:03 | Peasant |
| 22:03 | Peasant |
| 22:44 | Arcane Tower |
| 23:27 | Holy Light |
| Right click | 2091 |
| Select | 488 |
| Select group | 442 |
| Chat | 245 |
| Build/train/purchase | 148 |
| Use ability | 80 |
| Misc. action | 54 |
| Resource trade | 44 |
| Assign group | 33 |
| Minimap ping | 15 |
| Item give/drop | 5 |



| Staff of Sanctuary | 3 | 750 |
| Orb of Fire | 2 | 650 |
| Staff of Teleportation | 3 | 450 |
| Boots of Speed | 4 | 1000 |
| Potion of Invisibility | 1 | 100 |
| Periapt of Vitality | 1 | 325 |
| Circlet of Nobility | 1 | 175 |
| total: | 15 | 3450g |
| Peasant | 25 | 1875 | / | 0 |
| total: | 25 | 1875g | / | 0w |
| Scout Tower | 77 | 2310 | / | 1540 |
| Arcane Tower | 5 | 350 | / | 250 |
| Guard Tower | 20 | 1400 | / | 1000 |
| Altar of Kings | 1 | 180 | / | 50 |
| Farm | 4 | 320 | / | 80 |
| Lumber Mill | 1 | 120 | / | 0 |
| Arcane Vault | 3 | 390 | / | 90 |
| Town Hall | 2 | 770 | / | 410 |
| Arcane Sanctum | 1 | 150 | / | 140 |
| Keep | 1 | 320 | / | 210 |
| Castle | 1 | 360 | / | 210 |
| total: | 89 | 4240g | / | 2310w |
| 0:04 | Peasant |
| 0:04 | Peasant |
| 0:08 | Altar of Kings |
| 0:12 | Farm |
| 0:18 | Peasant |
| 0:18 | Peasant |
| 0:27 | Peasant |
| 0:38 | Farm |
| 0:46 | Peasant |
| 1:15 | Scout Tower |
| 1:16 | Peasant |
| 1:16 | Peasant |
| 1:20 | Lumber Mill |
| 1:23 | Peasant |
| 1:23 | Peasant |
| 1:33 | Peasant |
| 1:42 | Arcane Tower |
| 1:52 | Scout Tower |
| 1:53 | Peasant |
| 1:53 | Peasant |
| 2:07 | Peasant |
| 2:15 | Scout Tower |
| 2:19 | Summon Water Elemental |
| 2:22 | Guard Tower |
| 2:24 | Peasant |
| 2:49 | Peasant |
| 2:50 | Guard Tower |
| 2:55 | Peasant |
| 3:19 | Peasant |
| 3:24 | Scout Tower |
| 3:29 | Scout Tower |
| 3:30 | Peasant |
| 3:50 | Keep |
| 3:56 | Improved Masonry |
| 4:08 | Farm |
| 4:09 | Farm |
| 4:13 | Guard Tower |
| 4:24 | Arcane Vault |
| 4:26 | Brilliance Aura |
| 4:45 | Guard Tower |
| 5:13 | Scout Tower |
| 5:13 | Scout Tower |
| 5:59 | Guard Tower |
| 6:11 | Castle |
| 6:15 | Staff of Teleportation |
| 6:15 | Boots of Speed |
| 6:21 | Boots of Speed |
| 7:10 | Storm Bolt |
| 7:19 | Arcane Sanctum |
| 7:45 | Advanced Masonry |
| 7:48 | Arcane Vault |
| 7:50 | Arcane Vault |
| 8:12 | Scout Tower |
| 8:13 | Scout Tower |
| 8:39 | Magic Sentry |
| 8:42 | Scout Tower |
| 8:43 | Scout Tower |
| 9:01 | Guard Tower |
| 9:06 | Scout Tower |
| 9:06 | Scout Tower |
| 9:09 | Guard Tower |
| 9:37 | Guard Tower |
| 9:39 | Scout Tower |
| 9:53 | Staff of Teleportation |
| 9:59 | Holy Light |
| 10:03 | Boots of Speed |
| 10:04 | Potion of Invisibility |
| 10:12 | Guard Tower |
| 10:21 | Guard Tower |
| 10:32 | Guard Tower |
| 10:45 | Scout Tower |
| 10:48 | Scout Tower |
| 10:53 | Scout Tower |
| 10:55 | Scout Tower |
| 10:55 | Scout Tower |
| 11:03 | Staff of Sanctuary |
| 11:55 | Summon Water Elemental |
| 12:05 | Guard Tower |
| 12:10 | Scout Tower |
| 12:10 | Scout Tower |
| 12:11 | Scout Tower |
| 12:12 | Scout Tower |
| 12:28 | Scout Tower |
| 12:29 | Scout Tower |
| 12:29 | Scout Tower |
| 12:30 | Scout Tower |
| 12:30 | Scout Tower |
| 12:31 | Scout Tower |
| 12:33 | Imbued Masonry |
| 12:41 | Staff of Teleportation |
| 14:36 | Guard Tower |
| 14:44 | Boots of Speed |
| 15:05 | Staff of Sanctuary |
| 15:20 | Bash |
| 15:49 | Divine Shield |
| 16:09 | Scout Tower |
| 16:10 | Scout Tower |
| 16:10 | Scout Tower |
| 16:11 | Scout Tower |
| 16:11 | Scout Tower |
| 16:12 | Scout Tower |
| 16:12 | Scout Tower |
| 16:13 | Scout Tower |
| 17:36 | Arcane Tower |
| 17:45 | Arcane Tower |
| 17:51 | Brilliance Aura |
| 18:17 | Storm Bolt |
| 18:45 | Holy Light |
| 19:01 | Arcane Tower |
| 19:05 | Scout Tower |
| 19:06 | Scout Tower |
| 19:06 | Scout Tower |
| 19:07 | Scout Tower |
| 19:16 | Scout Tower |
| 19:17 | Scout Tower |
| 19:17 | Scout Tower |
| 19:18 | Scout Tower |
| 19:18 | Scout Tower |
| 19:19 | Scout Tower |
| 19:19 | Scout Tower |
| 19:20 | Scout Tower |
| 19:30 | Orb of Fire |
| 19:31 | Orb of Fire |
| 19:33 | Staff of Sanctuary |
| 19:54 | Scout Tower |
| 19:56 | Scout Tower |
| 19:57 | Scout Tower |
| 20:21 | Periapt of Vitality |
| 20:21 | Circlet of Nobility |
| 20:25 | Guard Tower |
| 20:28 | Arcane Tower |
| 21:10 | Guard Tower |
| 21:13 | Scout Tower |
| 21:14 | Scout Tower |
| 21:14 | Scout Tower |
| 21:15 | Scout Tower |
| 21:15 | Scout Tower |
| 21:16 | Scout Tower |
| 21:18 | Guard Tower |
| 23:48 | Town Hall |
| 23:53 | Scout Tower |
| 23:54 | Scout Tower |
| 23:55 | Scout Tower |
| 23:56 | Scout Tower |
| 23:56 | Scout Tower |
| 23:56 | Scout Tower |
| 23:58 | Scout Tower |
| 23:59 | Scout Tower |
| 23:59 | Scout Tower |
| 24:00 | Scout Tower |
| 24:00 | Scout Tower |
| 24:01 | Scout Tower |
| 24:03 | Guard Tower |
| 24:10 | Town Hall |
| 24:13 | Brilliance Aura |
| 24:15 | Bash |
| 24:45 | Devotion Aura |
| 26:06 | Scout Tower |
| 26:07 | Scout Tower |
| 26:07 | Scout Tower |
| 26:10 | Scout Tower |
| 26:11 | Scout Tower |
| 26:11 | Scout Tower |
| 26:12 | Scout Tower |
| 26:31 | Guard Tower |
| 26:35 | Peasant |
| 26:35 | Peasant |
| 26:37 | Peasant |
| 26:37 | Peasant |
| 26:38 | Peasant |
| 26:38 | Peasant |
| 26:40 | Guard Tower |
| 26:42 | Guard Tower |
| Right click | 1367 |
| Select group | 1228 |
| Select | 296 |
| Build/train/purchase | 142 |
| Misc. action | 114 |
| Chat | 82 |
| Use ability | 74 |
| Assign group | 10 |
| Item give/drop | 5 |
| Esc | 5 |
| Minimap ping | 3 |
178 units @ 23.5k
/ 2.6k
63 buildings @ 10.7k
/ 4.3k


| Lesser Clarity Potion | 3 | 210 |
| Potion of Healing | 1 | 150 |
| Orb of Venom | 1 | 325 |
| Scroll of Town Portal | 1 | 350 |
| Boots of Speed | 1 | 250 |
| total: | 7 | 1285g |
| Wisp | 23 | 1380 | / | 0 |
| Archer | 11 | 1430 | / | 110 |
| Hippogryph | 6 | 960 | / | 120 |
| total: | 40 | 3770g | / | 230w |
| Altar of Elders | 1 | 180 | / | 50 |
| Moon Well | 7 | 1260 | / | 280 |
| Ancient of War | 1 | 150 | / | 60 |
| Ancient of Wonders | 1 | 90 | / | 30 |
| Hunter's Hall | 1 | 210 | / | 100 |
| Tree of Life | 1 | 340 | / | 185 |
| Ancient of Wind | 2 | 300 | / | 280 |
| Chimaera Roost | 1 | 140 | / | 190 |
| Tree of Ages | 1 | 320 | / | 180 |
| Tree of Eternity | 1 | 330 | / | 200 |
| total: | 15 | 2670g | / | 1175w |
| 0:05 | Wisp |
| 0:05 | Wisp |
| 0:14 | Altar of Elders |
| 0:23 | Moon Well |
| 0:26 | Wisp |
| 0:54 | Ancient of War |
| 0:57 | Wisp |
| 0:58 | Wisp |
| 0:58 | Wisp |
| 1:36 | Wisp |
| 1:37 | Wisp |
| 1:43 | Moon Well |
| 1:52 | Wisp |
| 1:56 | Archer |
| 1:56 | Archer |
| 2:07 | Ancient of Wonders |
| 2:12 | Archer |
| 2:42 | Hunter's Hall |
| 3:01 | Archer |
| 3:03 | Shadow Strike |
| 3:18 | Wisp |
| 3:39 | Tree of Ages |
| 3:39 | Archer |
| 3:58 | Archer |
| 4:11 | Lesser Clarity Potion |
| 4:14 | Archer |
| 4:20 | Moon Well |
| 4:52 | Strength of the Moon |
| 5:18 | Fan of Knives |
| 5:34 | Tree of Life |
| 5:47 | Moon Armor |
| 5:50 | Moon Well |
| 6:03 | Improved Bows |
| 7:04 | Shadow Strike |
| 7:18 | Tree of Eternity |
| 7:30 | Scroll of Town Portal |
| 7:33 | Archer |
| 7:36 | Strength of the Wild |
| 8:34 | Fan of Knives |
| 8:36 | Archer |
| 8:41 | Improved Strength of the Wild |
| 9:24 | Wisp |
| 9:24 | Wisp |
| 9:24 | Wisp |
| 9:24 | Wisp |
| 9:25 | Wisp |
| 9:31 | Lesser Clarity Potion |
| 9:33 | Potion of Healing |
| 9:41 | Marksmanship |
| 9:42 | Wisp |
| 9:42 | Wisp |
| 9:42 | Wisp |
| 9:42 | Wisp |
| 9:58 | Ancient of Wind |
| 10:08 | Ancient of Wind |
| 10:12 | Wisp |
| 10:16 | Lesser Clarity Potion |
| 10:21 | Orb of Venom |
| 10:32 | Well Spring |
| 10:45 | Wisp |
| 10:46 | Wisp |
| 10:46 | Wisp |
| 11:16 | Hippogryph |
| 11:17 | Hippogryph |
| 11:41 | Boots of Speed |
| 11:49 | Hippogryph |
| 11:53 | Hippogryph |
| 11:55 | Improved Strength of the Moon |
| 12:56 | Hippogryph |
| 12:58 | Moon Well |
| 12:59 | Moon Well |
| 13:04 | Archer |
| 13:05 | Archer |
| 14:16 | Advanced Strength of the Wild |
| 14:17 | Advanced Strength of the Moon |
| 15:01 | Hippogryph |
| 15:04 | Moon Well |
| 15:19 | Entangling Roots |
| 15:35 | Chimaera Roost |
| Right click | 1053 |
| Select group | 567 |
| Select | 239 |
| Assign group | 146 |
| Build/train/purchase | 79 |
| Use ability | 27 |
| Chat | 24 |
| Minimap ping | 22 |
| Misc. action | 1 |

| Wisp | 11 | 660 | / | 0 |
| Archer | 12 | 1560 | / | 120 |
| Hippogryph | 7 | 1120 | / | 140 |
| total: | 30 | 3340g | / | 260w |
| Altar of Elders | 1 | 180 | / | 50 |
| Moon Well | 6 | 1080 | / | 240 |
| Ancient of War | 1 | 150 | / | 60 |
| Hunter's Hall | 1 | 210 | / | 100 |
| Ancient of Wonders | 1 | 90 | / | 30 |
| Ancient of Wind | 2 | 300 | / | 280 |
| Tree of Ages | 1 | 320 | / | 180 |
| Tree of Eternity | 1 | 330 | / | 200 |
| total: | 12 | 2010g | / | 760w |
| 0:09 | Wisp |
| 0:09 | Wisp |
| 0:09 | Wisp |
| 0:19 | Altar of Elders |
| 0:41 | Moon Well |
| 0:52 | Moon Well |
| 1:06 | Wisp |
| 1:06 | Wisp |
| 1:06 | Wisp |
| 1:07 | Wisp |
| 1:52 | Ancient of War |
| 2:03 | Moon Well |
| 3:03 | Hunter's Hall |
| 3:10 | Wisp |
| 3:10 | Wisp |
| 3:10 | Wisp |
| 3:10 | Wisp |
| 3:22 | Searing Arrows |
| 3:28 | Archer |
| 3:28 | Archer |
| 3:29 | Archer |
| 5:09 | Ancient of Wonders |
| 5:16 | Tree of Ages |
| 5:19 | Strength of the Moon |
| 5:19 | Moon Armor |
| 5:20 | Reinforced Hides |
| 5:30 | Archer |
| 5:30 | Archer |
| 6:03 | Archer |
| 6:03 | Archer |
| 6:33 | Trueshot Aura |
| 7:47 | Archer |
| 7:48 | Archer |
| 7:48 | Improved Bows |
| 8:19 | Ancient of Wind |
| 8:30 | Ancient of Wind |
| 8:40 | Improved Moon Armor |
| 8:40 | Improved Strength of the Moon |
| 8:41 | Improved Reinforced Hides |
| 8:45 | Archer |
| 8:45 | Archer |
| 8:46 | Archer |
| 9:14 | Advanced Reinforced Hides |
| 9:59 | Hippogryph |
| 9:59 | Hippogryph |
| 9:59 | Hippogryph |
| 10:37 | Moon Well |
| 11:21 | Hippogryph |
| 11:22 | Hippogryph |
| 12:04 | Hippogryph |
| 12:04 | Hippogryph |
| 12:52 | Moon Well |
| 15:04 | Tree of Eternity |
| 15:09 | Moon Well |
| 15:21 | Searing Arrows |
| Right click | 294 |
| Select | 143 |
| Build/train/purchase | 47 |
| Assign group | 15 |
| Resource trade | 5 |
| Chat | 4 |
| Use ability | 3 |
| Select group | 1 |


| Healing Salve | 1 | 100 |
| total: | 1 | 100g |
| Peon | 10 | 750 | / | 0 |
| Grunt | 5 | 1000 | / | 0 |
| Troll Headhunter | 9 | 1260 | / | 180 |
| Demolisher | 5 | 1100 | / | 250 |
| Shaman | 7 | 910 | / | 140 |
| Tauren | 2 | 560 | / | 160 |
| Raider | 4 | 720 | / | 160 |
| total: | 42 | 6300g | / | 890w |
| Altar of Storms | 1 | 180 | / | 50 |
| Orc Burrow | 11 | 1760 | / | 440 |
| Barracks | 1 | 180 | / | 50 |
| War Mill | 1 | 205 | / | 0 |
| Voodoo Lounge | 1 | 130 | / | 30 |
| Spirit Lodge | 1 | 150 | / | 150 |
| Tauren Totem | 1 | 135 | / | 155 |
| Beastiary | 1 | 145 | / | 140 |
| Stronghold | 1 | 315 | / | 190 |
| Fortress | 1 | 325 | / | 190 |
| total: | 18 | 2885g | / | 1015w |
| 0:05 | Altar of Storms |
| 0:08 | Orc Burrow |
| 0:10 | Peon |
| 0:33 | Barracks |
| 0:36 | Peon |
| 0:49 | Peon |
| 1:05 | Peon |
| 1:35 | Grunt |
| 1:42 | Orc Burrow |
| 1:52 | Peon |
| 1:59 | Grunt |
| 2:11 | Feral Spirit |
| 2:33 | War Mill |
| 2:36 | Peon |
| 2:56 | Grunt |
| 3:13 | Voodoo Lounge |
| 3:33 | Grunt |
| 4:01 | Stronghold |
| 4:09 | Chain Lighting |
| 4:14 | Troll Headhunter |
| 4:21 | Orc Burrow |
| 4:41 | Healing Salve |
| 4:53 | Steel Melee Weapons |
| 4:57 | Orc Burrow |
| 5:31 | Troll Headhunter |
| 5:41 | Steel Armor |
| 6:41 | Grunt |
| 6:52 | Spirit Lodge |
| 7:13 | Berserker Strength |
| 7:20 | Peon |
| 7:20 | Peon |
| 7:20 | Peon |
| 7:21 | Peon |
| 7:59 | Feral Spirit |
| 8:15 | Troll Headhunter |
| 8:16 | Troll Headhunter |
| 8:17 | Shaman Adept Training |
| 8:21 | Orc Burrow |
| 10:07 | Demolisher |
| 10:09 | Troll Headhunter |
| 10:09 | Troll Headhunter |
| 10:12 | Fortress |
| 10:16 | Tauren Totem |
| 10:17 | Shaman |
| 10:17 | Shaman |
| 10:17 | Shaman |
| 10:24 | Chain Lighting |
| 10:36 | Steel Ranged Weapons |
| 10:39 | Orc Burrow |
| 10:43 | Orc Burrow |
| 11:53 | Orc Burrow |
| 12:00 | Shaman |
| 12:58 | Tauren |
| 12:58 | Tauren |
| 13:01 | Shaman Master Training |
| 13:05 | Shaman |
| 13:06 | Shaman |
| 13:24 | Demolisher |
| 13:24 | Demolisher |
| 13:28 | Berserker Upgrade |
| 14:02 | Beastiary |
| 14:37 | Shaman |
| 14:41 | Demolisher |
| 14:42 | Troll Headhunter |
| 14:45 | Pulverize |
| 15:05 | Demolisher |
| 15:46 | Ensnare |
| 15:47 | Raider |
| 15:47 | Raider |
| 15:47 | Raider |
| 15:47 | Raider |
| 16:52 | Chain Lighting |
| 16:56 | Troll Headhunter |
| 16:56 | Troll Headhunter |
| 17:33 | Endurance Aura |
| 18:00 | Orc Burrow |
| 18:01 | Thorium Ranged Weapons |
| 18:41 | Orc Burrow |
| 18:43 | Orc Burrow |
| Right click | 455 |
| Select group | 351 |
| Select | 287 |
| Build/train/purchase | 72 |
| Misc. action | 49 |
| Assign group | 46 |
| Use ability | 14 |
| Minimap ping | 12 |
| Remove unit | 7 |
| Chat | 5 |
| Esc | 1 |

| Wisp | 15 | 900 | / | 0 |
| Huntress | 15 | 2925 | / | 300 |
| Glaive Thrower | 1 | 210 | / | 65 |
| Hippogryph | 10 | 1600 | / | 200 |
| Archer | 19 | 2470 | / | 190 |
| Chimaera | 6 | 1980 | / | 420 |
| total: | 66 | 10085g | / | 1175w |
| Ancient Protector | 1 | 135 | / | 80 |
| Altar of Elders | 1 | 180 | / | 50 |
| Moon Well | 8 | 1440 | / | 320 |
| Ancient of War | 3 | 450 | / | 180 |
| Hunter's Hall | 1 | 210 | / | 100 |
| Ancient of Wonders | 1 | 90 | / | 30 |
| Tree of Life | 1 | 340 | / | 185 |
| Chimaera Roost | 2 | 280 | / | 380 |
| Tree of Ages | 1 | 320 | / | 180 |
| Tree of Eternity | 2 | 660 | / | 400 |
| total: | 18 | 3125g | / | 1325w |
| 0:13 | Altar of Elders |
| 0:20 | Moon Well |
| 0:23 | Wisp |
| 0:24 | Wisp |
| 0:48 | Wisp |
| 0:48 | Wisp |
| 0:48 | Wisp |
| 1:04 | Ancient of War |
| 1:24 | Wisp |
| 1:24 | Wisp |
| 1:52 | Wisp |
| 2:06 | Hunter's Hall |
| 2:18 | Wisp |
| 2:18 | Wisp |
| 2:23 | Immolation |
| 2:32 | Moon Well |
| 2:41 | Ancient of War |
| 3:29 | Huntress |
| 3:49 | Moon Well |
| 3:54 | Sentinel |
| 4:12 | Huntress |
| 4:28 | Huntress |
| 4:28 | Huntress |
| 4:50 | Ancient Protector |
| 5:07 | Huntress |
| 5:25 | Huntress |
| 5:51 | Huntress |
| 5:53 | Evasion |
| 6:17 | Huntress |
| 6:39 | Tree of Ages |
| 7:22 | Moon Well |
| 7:51 | Huntress |
| 8:10 | Immolation |
| 8:50 | Huntress |
| 9:22 | Huntress |
| 9:22 | Huntress |
| 9:23 | Moon Glaive |
| 9:35 | Glaive Thrower |
| 10:19 | Moon Well |
| 10:36 | Ancient of Wonders |
| 10:43 | Moon Well |
| 11:35 | Strength of the Moon |
| 11:36 | Moon Armor |
| 11:55 | Tree of Life |
| 14:26 | Huntress |
| 14:26 | Huntress |
| 14:55 | Tree of Eternity |
| 15:06 | Wisp |
| 15:06 | Wisp |
| 15:06 | Wisp |
| 15:07 | Wisp |
| 15:08 | Wisp |
| 15:25 | Huntress |
| 18:29 | Hippogryph |
| 18:29 | Hippogryph |
| 18:31 | Archer |
| 18:32 | Archer |
| 18:32 | Archer |
| 18:32 | Archer |
| 18:41 | Chimaera Roost |
| 18:47 | Chimaera Roost |
| 18:48 | Strength of the Wild |
| 18:49 | Reinforced Hides |
| 18:49 | Improved Reinforced Hides |
| 19:04 | Moon Well |
| 20:07 | Chimaera |
| 20:07 | Chimaera |
| 20:27 | Chimaera |
| 20:27 | Chimaera |
| 20:49 | Chimaera |
| 20:50 | Chimaera |
| 21:39 | Archer |
| 21:39 | Archer |
| 21:39 | Archer |
| 21:45 | Hippogryph |
| 21:45 | Hippogryph |
| 22:03 | Hippogryph |
| 22:04 | Hippogryph |
| 22:07 | Archer |
| 22:07 | Archer |
| 22:07 | Archer |
| 22:12 | Moon Well |
| 22:46 | Ancient of War |
| 22:51 | Advanced Reinforced Hides |
| 22:55 | Improved Moon Armor |
| 23:24 | Archer |
| 23:24 | Archer |
| 23:24 | Archer |
| 23:24 | Archer |
| 23:29 | Hippogryph |
| 23:29 | Hippogryph |
| 25:50 | Archer |
| 25:50 | Archer |
| 25:50 | Archer |
| 25:53 | Hippogryph |
| 25:53 | Hippogryph |
| 25:55 | Archer |
| 25:55 | Archer |
| Right click | 1130 |
| Select | 330 |
| Build/train/purchase | 136 |
| Select group | 130 |
| Assign group | 24 |
| Misc. action | 24 |
| Use ability | 12 |
| Chat | 8 |
| Minimap ping | 7 |
| Remove unit | 1 |